Map: Blackpink LE

Players

Kozan

  • Race: Terran Terran
  • League: Grandmaster
  • Spawn Location: 7:00

PvP - Winner!

  • Race: Protoss Protoss
  • League: Grandmaster
  • Spawn Location: 1:00

VOD

Have the link to the VOD?

Description

Time

  • Played on: Feb. 4, 2018, 12:50 p.m.
  • Length: 10:00
Show
View Real Time Build Order
Export as new Build Order

Kozan Terran 

Build Orders: MMM Bio 

Get SALT Encoding   

  12  0:01  SCV  
  13  0:13  SCV  
  14  0:18  Supply Depot  
  14  0:25  SCV  
  15  0:40  SCV  
  15  0:42  Barracks  
  16  0:46  Refinery  
  16  0:52  SCV  
  17  1:04  SCV  
  18  1:16  SCV  
  19  1:29  Marine  
  19  1:30  Orbital Command  
  20  1:43  Command Center  
  20  1:54  Supply Depot  
  20  1:56  Barracks Tech Lab  
  20  1:59  SCV  
  21  2:11  SCV  
  21  2:14  Concussive Shells  
  22  2:16  Marauder  
  22  2:20  Barracks  
  24  2:23  SCV  
  25  2:32  Barracks  
  25  2:35  SCV  
  26  2:39  Marauder  
  28  2:48  SCV  
  29  2:55  Orbital Command  
  29  2:58  Stimpack  
  29  3:00  Marine, SCV  
  31  3:09  Barracks Reactor  
  31  3:12  SCV  
  32  3:18  Supply Depot, Marine  
  33  3:23  Barracks Tech Lab  
  33  3:24  SCV x2  
  35  3:30  Engineering Bay  
  35  3:35  Marine  
  35  3:36  SCV x2  
  35  3:39  Refinery  
  38  3:41  Marine  
  38  3:46  Marine x2  
  38  3:48  SCV x2  
  42  3:50  Supply Depot  
  43  3:58  Missile Turret  
  43  3:59  Missile Turret  
  43  4:02  Marine x2  
  39  4:08  Marine x2  
  37  4:19  SCV  
  37  4:21  Marine x2  
  37  4:22  SCV  
  41  4:26  Marine  
  41  4:28  Terran Infantry Weapons Level 1  
  42  4:31  SCV  
  42  4:34  SCV  
  42  4:35  Marine  
  42  4:38  Combat Shields  
  45  4:43  SCV  
  46  4:46  SCV  
  47  4:52  Factory  
  47  4:56  Marine x3, SCV  
  47  4:57  Marine  
  47  4:58  SCV  
  51  5:16  SCV x2  
  51  5:17  Marine x3  
  51  5:21  Marauder  
  58  5:25  Supply Depot x2  
  58  5:32  SCV x2  
  58  5:33  Command Center  
  60  5:36  Marine x2  
  62  5:47  Marauder x2, Supply Depot, SCV x2  
  68  5:52  Starport, Factory Reactor  
  68  5:56  Marine x2  
  70  5:59  SCV  
  71  6:09  SCV  
  72  6:11  SCV  
  72  6:12  Supply Depot x2, Refinery  
  72  6:13  Refinery  
  73  6:19  Marine x2  
  73  6:21  Marine x2  
  77  6:26  SCV x2  
  77  6:28  Terran Infantry Armor Level 1  
  79  6:37  Marine x2  
  79  6:39  Marauder, Medivac  
  85  6:40  Factory Reactor, Barracks x2  
  85  6:41  Medivac  
  85  6:56  Marine x3  
  85  6:59  SCV x2  
  85  7:01  Marauder  
  92  7:09  Missile Turret  
  92  7:14  Marine  
  91  7:17  Orbital Command  
  91  7:19  SCV x2  
  91  7:21  Marine x2  
  91  7:22  Widow Mine x2, Medivac x2  
  103  7:29  Engineering Bay  
  103  7:32  SCV x2, Armory  
  104  7:46  Barracks Tech Lab, Barracks Reactor  
  104  7:54  Marauder, Marine x2  
  104  7:55  Widow Mine x2, Marauder, Medivac  
  104  7:57  SCV  
  117  8:03  Supply Depot  
  117  8:04  SCV x2, Medivac  
  121  8:06  Supply Depot  
  120  8:13  Marine x3  
  120  8:16  Marauder  
  120  8:18  Marine  
  118  8:20  Widow Mine  
  115  8:27  Bunker  
  115  8:28  SCV x3  
  115  8:31  Marine x3  
  121  8:40  SCV  
  122  8:46  Ghost Academy  
  121  8:59  Marine  
  121  9:00  SCV  
  108  9:12  Marine x4  
  108  9:13  Marauder x2  
  108  9:15  SCV x2  
  112  9:17  SCV  
  113  9:27  SCV x2  
  113  9:29  SCV  
  113  9:30  Ghost  
  95  9:39  SCV x2  
Show
View Real Time Build Order
Export as new Build Order

PvP Protoss - Winner!

Build Orders: 1 Gate Expand, Oracle Opening, Phoenix Opening 

Get SALT Encoding   

  12  0:00  Probe  
  13  0:12  Probe  
  14  0:18  Pylon  
  14  0:25  Probe (Chrono Boost)  
  15  0:37  Probe (Chrono Boost)  
  15  0:39  Gateway  
  16  0:45  Probe (Chrono Boost)  
  16  0:49  Assimilator  
  17  0:51  Probe  
  18  1:03  Probe  
  19  1:15  Probe  
  20  1:23  Nexus  
  20  1:27  Probe  
  21  1:35  Cybernetics Core  
  21  1:39  Probe  
  22  1:44  Assimilator  
  22  1:53  Pylon, Probe  
  23  2:10  Adept (Chrono Boost)  
  23  2:11  Probe  
  26  2:19  Stargate  
  26  2:23  Probe  
  27  2:31  Warp Gate  
  27  2:35  Probe  
  27  2:36  Probe (Chrono Boost)  
  29  2:37  Stalker (Chrono Boost)  
  31  2:47  Probe (Chrono Boost)  
  33  2:54  Probe (Chrono Boost)  
  33  2:56  Probe (Chrono Boost)  
  33  2:57  Gateway  
  34  3:00  Probe (Chrono Boost)  
  34  3:01  Probe (Chrono Boost)  
  34  3:04  Oracle (Chrono Boost)  
  36  3:12  Gateway  
  39  3:13  Probe  
  39  3:18  Shield Battery  
  40  3:22  Pylon  
  40  3:24  Probe  
  41  3:28  Stalker  
  41  3:31  Probe  
  44  3:35  Phoenix (Chrono Boost)  
  44  3:40  Probe  
  47  3:43  Probe  
  48  3:49  Pylon  
  48  3:53  Probe  
  49  3:55  Probe  
  49  3:59  Phoenix (Chrono Boost)  
  52  4:05  Probe  
  52  4:07  Probe  
  54  4:17  Probe, Nexus  
  54  4:19  Pylon  
  54  4:20  Probe  
  54  4:22  Phoenix (Chrono Boost)  
  58  4:27  Assimilator  
  58  4:29  Assimilator  
  58  4:35  Probe  
  59  4:40  Twilight Council  
  59  4:41  Forge  
  59  4:43  Probe  
  60  4:49  Probe  
  60  4:50  Phoenix (Chrono Boost)  
  63  4:57  Pylon  
  63  5:00  Sentry  
  63  5:02  Zealot  
  67  5:11  Phoenix  
  67  5:12  Charge (Chrono Boost)  
  69  5:17  Pylon  
  66  5:21  Probe  
  66  5:27  Gateway  
  67  5:28  Gateway  
  67  5:29  Gateway  
  67  5:31  Gateway, Protoss Ground Armor Level 1 (Chrono Boost)  
  67  5:39  Zealot  
  69  5:43  Zealot  
  69  5:45  Probe x2  
  69  5:48  Zealot  
  75  5:51  Probe  
  75  5:53  Phoenix (Chrono Boost)  
  78  5:57  Probe x2  
  78  6:03  Probe  
  81  6:05  Zealot  
  81  6:09  Probe x2  
  85  6:13  Phoenix (Chrono Boost)  
  85  6:15  Probe  
  88  6:21  Probe  
  88  6:25  Adept x3  
  95  6:30  Forge  
  95  6:31  Forge  
  95  6:32  Pylon  
  95  6:34  Zealot x2  
  99  6:46  Pylon x2  
  99  6:49  Oracle (Chrono Boost)  
  99  6:52  Probe  
  103  6:54  Zealot x3  
  103  6:57  Pylon  
  103  6:58  Blink  
  109  7:04  Probe x2  
  109  7:05  Pylon  
  111  7:18  Zealot x6  
  111  7:19  Protoss Ground Weapons Level 1 (Chrono Boost)  
  111  7:20  Probe  
  124  7:24  Protoss Ground Armor Level 2 (Chrono Boost)  
  124  7:29  Probe  
  125  7:30  Probe  
  125  7:33  Pylon, Probe  
  127  7:44  Phoenix  
  127  7:50  Zealot  
  127  7:51  Zealot x5  
  139  8:02  Templar Archives  
  139  8:08  Templar Archives  
  139  8:10  Assimilator, Nexus  
  139  8:12  Assimilator  
  137  8:20  Shield Battery  
  137  8:26  Zealot x5  
  137  8:27  Zealot  
  149  8:35  Pylon  
  149  8:54  Pylon  
  149  8:55  Zealot x2  
  149  8:56  Zealot x2  
  135  9:32  Stalker x7  
Tags
 
Add a new tag
Caveats
  • Supply blocks, unpowered buildings, or Contaminate may cause inaccurate times.
  • Supply counts are checked every 10 seconds.